 Dungeon Crawl Stone Soup version 0.22-a0-305-gd21a89c (webtiles) character file.

252 Amnesiac the Skirmisher (level 5, -6/41 HPs)
             Began as a Mummy Fighter on Mar 31, 2018.
             Was an Initiate of Gozag.
             Mangled by a gnoll
             ... wielding a +0 halberd
              (11 damage)
             ... on level 2 of the Dungeon.
             The game lasted 00:05:06 (3045 turns).

Amnesiac the Skirmisher (Mummy Fighter)             Turns: 3045, Time: 00:05:07

Health: -6/41      AC:  7    Str: 20    XL:     5   Next: 89%
Magic:  7/7        EV:  8    Int:  7    God:    Gozag
Gold:   275        SH:  9    Dex: 12    Spells: 4/4 levels left

rFire    x . .     SeeInvis +   a - +0 long sword
rCold    + + .     Gourm    .   c - +0 shield
rNeg     + + +     Faith    .   b - +0 scale mail
rPois    ∞         Spirit   .   i - +0 helmet
rElec    .         Reflect  .   (no cloak)
rCorr    .         Harm     .   (no gloves)
MR       .....                  (no boots)
Stlth    ..........             (no amulet)
HPRegen  0.13/turn              e - ring of see invisible
MPRegen  0.10/turn              h - ring of protection from cold

@: no status effects
A: no food or potions, fire vulnerability, cold resistance 1, negative energy
resistance 3, torment resistance, unbreathing
a: Potion Petition, Call Merchant, Bribe Branch, Renounce Religion


You were on level 2 of the Dungeon.
You worshipped Gozag.
Gozag was aware of your devotion.
You were not hungry.

You visited 1 branch of the dungeon, and saw 3 of its levels.

You collected 310 gold pieces.
You paid 35 gold pieces to Gozag.

Inventory:

Hand Weapons
 a - a +0 long sword (weapon)
 l - a +0 dagger of venom
Missiles
 p - 49 stones (quivered)
Armour
 b - a +0 scale mail (worn)
 c - a +0 shield (worn)
 i - a +0 helmet (worn)
Jewellery
 e - a ring of see invisible (left hand)
 h - a ring of protection from cold (right hand)
 o - an uncursed ring of protection from fire {unknown}
Wands
 j - a wand of digging (3)
Scrolls
 d - a scroll of remove curse {!r, unknown}
 f - a scroll of random uselessness {!r, unknown}
 g - 2 scrolls of amnesia {!r, unknown}
 k - a scroll of enchant weapon {!r, unknown}
 m - a scroll of blinking {!r, unknown}
 n - a scroll of magic mapping {!r, unknown}


   Skills:
 - Level 3.0 Fighting
 - Level 2.6 Long Blades
 - Level 2.6 Armour
 - Level 2.6 Dodging
 - Level 2.6 Shields
 + Level 2.7 Evocations


You had 4 spell levels left.
You didn't know any spells.

Dungeon Overview and Level Annotations

Branches:
Dungeon (3/15)

Altars:
Dithmenos
Gozag
Vehumet

Annotations:
D:3 BattleRest's ghost, amateur HOFi


Innate Abilities, Weirdness & Mutations

You do not eat or drink.
Your flesh is vulnerable to fire.
You are immune to poison.
Your flesh is cold resistant. (rC+)
You are immune to negative energy. (rN+++)
You are immune to unholy pain and torment.
You can survive without breathing.


Message History

You block the gnoll's attack. x2
You slash the gnoll!
You kill the gnoll!
The gnoll closely misses you. You block the gnoll's attack.
The gnoll hits you with a halberd!
* * * LOW HITPOINT WARNING * * *
Things that are here:
3 gold pieces; an enchanted halberd Your shield prevents you from hitting the gnoll.
The gnoll is moderately wounded.
The gnoll barely misses you. You block the gnoll's attack.
The gnoll hits you from afar with a halberd!
* * * LOW HITPOINT WARNING * * *
Things that are here:
7 gold pieces; a club
There is a stone staircase leading down here.
The gnoll barely misses you.
You climb downwards.
Level annotation: BattleRest's ghost, amateur HOFi
There is a stone staircase leading up here.
You start resting.
HP restored.
You start resting.
HP restored.
You climb upwards.
You block the gnoll's attack. The gnoll closely misses you.
There is a stone staircase leading down here.
You hit the gnoll.
The gnoll is moderately wounded.
The gnoll barely misses you.
You riposte.
You closely miss the gnoll.
The gnoll is moderately wounded.
The gnoll completely misses you. The gnoll hits you with a halberd!
You closely miss the gnoll.
The gnoll is moderately wounded.
The gnoll hits you with a halberd. The gnoll barely misses you.
You closely miss the gnoll.
The gnoll is moderately wounded.
You block the gnoll's attack. The gnoll hits you with a halberd! x2
* * * LOW HITPOINT WARNING * * *
Your shield and scale mail prevent you from hitting the gnoll.
The gnoll is moderately wounded.
You block the gnoll's attack. The gnoll hits you with a halberd.
* * * LOW HITPOINT WARNING * * *
Your shield and scale mail prevent you from hitting the gnoll.
The gnoll is moderately wounded.
The gnoll barely misses you. x2
Your shield and scale mail prevent you from hitting the gnoll.
The gnoll is moderately wounded.
You block the gnoll's attack. The gnoll closely misses you.
You riposte.
You completely miss the gnoll. You closely miss the gnoll.
The gnoll is moderately wounded.
You block the gnoll's attack. The gnoll hits you with a halberd!
* * * LOW HITPOINT WARNING * * *
You are too injured to fight recklessly!
You are too injured to fight recklessly!
You are too injured to fight recklessly!
You are too injured to fight recklessly!
You block the gnoll's attack. x2
Okay, then.
You block the gnoll's attack. You block the gnoll's attack.
The gnoll hits you from afar with a halberd!
You die...
Your body crumbles into a pile of gold.

## #........# #.#
...###.#####.######.#
#...$$.# #.##.....#
#..#########.##.#####
.. #...#.##.# #.# .
#.#.#g##.###.###
#.#....#.......#
#.###.g#######.#
#......g.@.....#
################


You could see 2 gnolls.

Vanquished Creatures
  An orc priest (D:1)
  A jelly (D:1)
  An orc wizard (D:2)
  Robin (D:3)
  2 gnolls (D:2)
  3 adders
  6 oozes
  A worm (D:2)
  A dart slug (D:1)
  2 leopard geckos (D:1)
  6 orcs
  5 giant cockroaches
  10 goblins
  5 hobgoblins
  7 jackals (D:1)
  2 kobolds
  7 bats
  3 frilled lizards
  17 rats
81 creatures vanquished.

Notes
Turn   | Place    | Note
-------+----------+-------------------------------------------
     0 | D:1      | Amnesiac the Mummy Fighter began the quest for the Orb.
     0 | D:1      | Reached XP level 1. HP: 18/18 MP: 1/1
     1 | D:1      | Found a runed door.
     1 | D:1      | Noticed a jelly
    19 | D:1      | Reached skill level 1 in Dodging
    50 | D:2      | Reached XP level 2. HP: 12/24 MP: 2/2
   215 | D:1      | Reached XP level 3. HP: 22/29 MP: 3/3
   677 | D:1      | Reached XP level 4. HP: 31/35 MP: 4/4
   809 | D:3      | Noticed BattleRest's ghost (amateur HOFi)
   832 | D:2      | Found an opulent altar of Gozag.
   832 | D:2      | Found a radiant altar of Vehumet.
  1091 | D:2      | Became a worshipper of Gozag Ym Sagoz the Greedy
  1153 | D:3      | Noticed Robin
  1165 | D:3      | Killed Robin
  1645 | D:1      | Reached XP level 5. HP: 41/41 MP: 5/5
  1807 | D:1      | Reached skill level 1 in Evocations
  2664 | D:2      | Found a shadowy altar of Dithmenos.
  3045 | D:2      | Mangled by a gnoll

Vault maps used:
D:1:      dpeg_arrival_caged_fury
D:2:      cheibrodos_pilgrimage, nicolae_overflow_hidden_temple,
          nicolae_dithmenos_through_a_glass_darkly
D:3:      doesnt_xom_only_xom, serial_glass, glass_columns_a, glass_columns_b,
          glass_columns_a, glass_columns_a, glass_columns_b, glass_columns_b,
          uniq_robin

Skill      XL: |  1  2  3  4  5 |
---------------+----------------+-----
Dodging        | 1 2 |  2.6
Long Blades    | 2 |  2.6
Evocations     | 2 |  2.7
Fighting       | |  3.0
Armour         | |  2.6
Shields        | |  2.6

Action                   |  1- 3 |  4- 6 || total
-------------------------+-------+-------++-------
Melee: Long sword        |   105 |   191 ||   296
Invok: Potion Petition   |       |     1 ||     1
 Stab: Distracted        |       |     1 ||     1
Armor: Scale mail        |    59 |    73 ||   132
Dodge: Dodged            |    41 |    88 ||   129
Block: Shield            |    68 |   110 ||   178
       Rpst.: Long sword |    17 |    21 ||    38

Table legend:
 A = Spawn XP
 B = Non-spawn XP
 C = Spawn XP percentage of total XP
 D = Spawn monster count
 E = Non-spawn monster count
 F = Spawn count percentage of total count
 G = Total turns spent on level
                    A         B        C        D         E        F      G
               +---------+---------+-------+---------+---------+-------+---------
         Total |       0 |     360 |   0.0 |       0 |      81 |   0.0 |  3045
               +---------+---------+-------+---------+---------+-------+---------
           D:1 |       0 |     174 |   0.0 |       0 |      42 |   0.0 |  1339
           D:2 |       0 |     130 |   0.0 |       0 |      22 |   0.0 |  1189
           D:3 |       0 |      56 |   0.0 |       0 |      17 |   0.0 |   517
               +---------+---------+-------+---------+---------+-------+---------
